 Dungeon Crawl Stone Soup version 0.25-a0-507-gf66f01b (webtiles) character file.

Game seed: 10752011628675797613, levelgen mode: deterministic

53 15 the Insei (level 3, -3/23 HPs)
             Began as an Octopode Transmuter on Feb 14, 2020.
             Slain by Robin
             ... wielding a +0 mace
              (6 damage)
             ... on level 3 of the Dungeon.
             The game lasted 00:04:14 (1337 turns).

15 the Insei (Octopode Transmuter)                  Turns: 1337, Time: 00:04:14

Health: -3/23      AC:  1    Str: 10    XL:     3   Next: 87%
Magic:  4/6        EV: 19    Int: 15    God:
Gold:   66         SH:  0    Dex: 17    Spells: 0/6 levels left

rFire    . . .     SeeInvis .     - Unarmed
rCold    . . .     Gourm    .   (no shield)
rNeg     . . .     Faith    .   (helmet restricted)
rPois    .         Spirit   .   (no amulet)
rElec    .         Reflect  .   (no ring)
rCorr    .         Harm     .   (no ring)
MR       .....                  (no ring)
Stlth    ++++......             (no ring)
HPRegen  0.07/turn              (no ring)
MPRegen  0.10/turn              (no ring)
                                (no ring)
                                (no ring)

@: agile, appendage (expiring)
A: almost no armour, stealthy swim, amphibious, 8 rings, constrict 8, tentacle
spike 3, camouflage 1, gelatinous body 1
a: End Transformation


You were on level 3 of the Dungeon.
You were hungry.
One of your tentacles had a temporary spike.
You visited 1 branch of the dungeon, and saw 3 of its levels.

You collected 66 gold pieces.

Inventory:

Missiles
 a - 29 arrows
Scrolls
 b - a scroll of teleportation
 d - a scroll of enchant armour
 h - 3 scrolls of remove curse
 j - 2 scrolls of enchant weapon {unknown}
Potions
 e - a potion of agility
 i - a potion of mutation
Comestibles
 c - 7 rations
 f - 2 chunks of flesh


   Skills:
 * Level 1.2 Fighting
 * Level 2.7 Dodging
 + Level 1.6 Stealth
 + Level 3.3 Unarmed Combat
 * Level 2.3 Spellcasting
 * Level 2.2 Transmutations
 * Level 0.9 Poison Magic


You couldn't memorise any spells.
You knew the following spells:

 Your Spells              Type           Power        Failure   Level  Hunger
a - Beastly Appendage     Tmut           #.....       9%          1    #......
b - Sticks to Snakes      Tmut           #.......     13%         2    ###....
c - Spider Form           Tmut/Pois      #.........   34%         3    ###....

Your spell library contained the following spells:

 Spells                   Type           Power        Failure   Level  Hunger
 Ice Form                 Ice/Tmut       #.......     80%         4    #####..
 Blade Hands              Tmut           #.........   93%         5    ######.


Dungeon Overview and Level Annotations

Branches:
Dungeon (3/15)

Altars:
Makhleb

Annotations:
D:3 Robin


Innate Abilities, Weirdness & Mutations

You cannot wear most types of armour.
You are very stealthy in the water. (Stealth+)
You are amphibious.
You can wear up to eight rings at the same time.
You can use your tentacles to constrict eight enemies at once.
Your skin changes colour to match your surroundings (Stealth+).
Your rubbery body absorbs attacks. (AC +1, EV +1)
One of your tentacles bears a large vicious spike.


Message History

Robin roars a battlecry!
The goblins go into a battle-frenzy!
You hear a shout! x2
Your transformation is almost over.
Things that are here:
a +0 hunting sling; 5 stones You closely miss Robin.
Your grab misses Robin.
Robin is lightly wounded.
A goblin comes into view. It is wielding a +0 dagger.
Robin closely misses you.
You see here a stone.
You tentacle-slap Robin. You grab Robin. You tentacle-slap Robin.
You squeeze Robin, but do no damage.
Robin is heavily wounded.
You constrict Robin.
You release your grip on Robin.
You tentacle-slap Robin. You grab Robin.
Robin is almost dead.
You constrict Robin. Robin hits you with a +0 mace.
You die...

### #g# #.# #.# ### ###.#
#(# #.# #.#.# ###g# #.#
#.#.# #((g# #.#
####.#.#######)###
###.######.##...g..ggg..#
#.......#..####g#########
#.#.####.#.####@#
#.#<#....#......#
##.###.##.#..#####
#............#
#########.##.# #....#
#.#### #.# ###


You could see Robin and a hobgoblin.

Vanquished Creatures
  3 adders
  A dart slug (D:1)
  A leopard gecko (D:1)
  2 giant cockroaches (D:2)
  4 goblins (D:3)
  4 hobgoblins
  A ball python (D:2)
  2 bats
  2 frilled lizards (D:1)
  2 kobolds (D:1)
  7 rats
29 creatures vanquished.

Notes
Turn   | Place    | Note
-------+----------+-------------------------------------------
     0 | D:1      | 15 the Octopode Transmuter began the quest for the Orb.
     0 | D:1      | Reached XP level 1. HP: 13/13 MP: 3/3
   225 | D:1      | Reached XP level 2. HP: 5/18 MP: 5/5
   229 | D:1      | Learned a level 2 spell: Sticks to Snakes
   690 | D:2      | Reached skill level 1 in Stealth
   777 | D:2      | Reached XP level 3. HP: 23/23 MP: 4/6
   785 | D:2      | Learned a level 3 spell: Spider Form
   938 | D:2      | Found a burning altar of Makhleb.
  1305 | D:3      | Noticed Robin
  1337 | D:3      | Slain by Robin

Levels and vault maps discovered:
D:1:      dpeg_arrival_water_temple_mockup, layout_basic
D:2:      layout_rooms, nicolae_overflow_hidden_temple, minmay_misc_feat_doors,
          minmay_misc_feat_tiny, kennysheep_cross_room, bloody_makhleb
D:3:      layout_basic, nemelex_xobeh_ov_fountains_minmay,
          grunt_temple_overflow_diamond, lemuel_zombie_altar_yredelemnul,
          glass_columns_b, uniq_grinder, uniq_robin

Skill      XL: |  1  2 |
---------------+-------+-----
Stealth        | 1 |  1.6
Fighting       | |  1.2
Dodging        | |  2.7
Unarmed Combat | |  3.3
Spellcasting   | |  2.3
Transmutations | |  2.2
Poison Magic   | |  0.9

Action                   || total
-------------------------++-------
Melee: Unarmed           ||    61
       Constrict         ||    20
       Tentacles         ||    16
       Kick              ||     2
       Punch             ||     1
 Cast: Beastly Appendage ||     4
       Sticks to Snakes  ||     1
  Use: Potion            ||     2
       Scroll            ||     4
 Stab: Sleeping          ||     7
  Eat: Chunk             ||     1
Armor: Skin              ||     5
Dodge: Dodged            ||    42

Table legend:
 A = Non-vault XP
 B = Vault XP
 C = Vault XP percentage of total XP
 D = Non-vault monster count
 E = Vault monster count
 F = Vault count percentage of total count
                 A         B        C        D         E       F
            +---------+---------+-------+---------+---------+-------
      Total |      68 |       8 |  10.5 |      25 |       4 |  13.8
            +---------+---------+-------+---------+---------+-------
        D:1 |      19 |       0 |   0.0 |      11 |       0 |   0.0
        D:2 |      40 |       0 |   0.0 |      13 |       0 |   0.0
        D:3 |       9 |       8 |  47.1 |       1 |       4 |  80.0
            +---------+---------+-------+---------+---------+-------
